 Dungeon Crawl Stone Soup version 0.22-b1-26-g9dbaab1 (webtiles) character file.

18568 Doobh the Covert (level 12, 0/77 HPs)
             Began as a Kobold Assassin on Aug 6, 2018.
             Was a High Priest of Dithmenos.
             Slain by an orc warrior
             ... wielding a +0 scimitar of electrocution
              (10 damage)
             ... on level 13 of the Dungeon.
             The game lasted 01:33:25 (22236 turns).

Doobh the Covert (Kobold Assassin)                 Turns: 22236, Time: 01:33:26

Health: 0/77       AC:  7    Str: 10    XL:     12   Next: 96%
Magic:  14/14      EV: 12    Int: 12    God:    Dithmenos [*****.]
Gold:   467        SH:  0    Dex: 20    Spells: 11/11 levels left

rFire    + . .     SeeInvis +   b - +0 blowgun
rCold    + . .     Gourm    .   (shield restricted)
rNeg     . . .     Faith    .   N - +2 robe {rF+}
rPois    .         Spirit   .   c - +0 helmet {SInv}
rElec    .         Reflect  .   d - +0 cloak
rCorr    .         Harm     .   (no gloves)
MR       .....                  (no boots)
Stlth    +++++++++.             v - amulet of magic regeneration
HPRegen  0.22/turn              q - ring of protection from cold
MPRegen  0.39/turn              (no ring)

@: about to teleport, petrifying, wreathed by umbra, very slow
A: small, carnivore
a: Shadow Step, Shadow Form, Renounce Religion


You were on level 13 of the Dungeon.
You worshipped Dithmenos.
Dithmenos was extremely pleased with you.
You were not hungry.

You visited 1 branch of the dungeon, and saw 13 of its levels.

You collected 891 gold pieces.
You spent 424 gold pieces at shops.

Inventory:

Hand Weapons
 b - a +0 blowgun (weapon)
 o - a +2 hand crossbow of velocity
 u - a +3 short sword of protection
Missiles
 h - 58 bolts
 s - a curare-tipped needle
 t - 53 poisoned needles (quivered)
 x - 6 needles of confusion
Armour
 c - a +0 helmet of see invisible (worn)
 d - a +0 cloak (worn)
 N - a +2 robe of fire resistance (worn)
Jewellery
 q - a ring of protection from cold (left hand)
 v - an amulet of magic regeneration (around neck)
 G - an uncursed ring of magical power
 P - an uncursed ring of fire {unknown}
Wands
 e - a wand of random effects (17)
 m - a wand of acid (8)
 n - a wand of clouds (11)
 D - a wand of polymorph (8)
 E - a wand of flame (60)
Scrolls
 a - 3 scrolls of fear
 f - 6 scrolls of remove curse
 i - a scroll of amnesia
 k - 5 scrolls of teleportation
 r - 2 scrolls of immolation
 y - 2 scrolls of enchant armour {unknown}
 z - a scroll of fog {unknown}
 H - 2 scrolls of magic mapping {unknown}
 I - 2 scrolls of summoning {unknown}
 J - a scroll of vulnerability {unknown}
Potions
 j - 3 potions of flight
 l - a potion of cancellation {unknown}
 p - 2 potions of mutation {unknown}
 A - 2 potions of might {unknown}
 B - 2 potions of agility
 C - 2 potions of degeneration {unknown}
 F - 4 potions of lignification {unknown}
 K - a potion of brilliance {unknown}
 L - a potion of magic {unknown}
 M - a potion of ambrosia {unknown}
Comestibles
 g - 27 rations


   Skills:
 + Level 10.0 Fighting
 + Level 9.6 Short Blades
 * Level 4.3 Crossbows
 + Level 9.2 Throwing
 - Level 6.0 Armour
 - Level 10.0 Dodging
 + Level 13.1 Stealth
 * Level 3.9 Invocations


You had 11 spell levels left.
You didn't know any spells.
Your spell library contained the following spells:

 Spells                   Type           Power        Failure   Level  Hunger
 Spider Form              Tmut/Pois      #.........   69%         3    ####...
 Blade Hands              Tmut           #.........   100%        5    ######.
 Ice Form                 Ice/Tmut       #.......     97%         4    #####..
 Sticks to Snakes         Tmut           #.......     45%         2    ###....
 Beastly Appendage        Tmut           #.....       32%         1    ##.....


Dungeon Overview and Level Annotations

Branches:
Dungeon (13/15)            Temple (0/1) D:6            Lair (0/6) D:8
    Orc (0/2) D:11
 Vaults: D:13-14

Altars:
Dithmenos
Nemelex Xobeh
Okawaru
Sif Muna
Uskayaw
Xom
Yredelemnul
Zin
The Shining One

Shops:
D:10 [

Annotations:
D:6 1 runed door, Doobh's ghost, novice KoAs


Innate Abilities, Weirdness & Mutations

You are small and have problems with some larger weapons.
You are carnivorous and can eat meat at any time.


Message History

The blast of calcifying dust hits you!
The blast of calcifying dust hits the orc warrior.
Firing (i - inventory. (/) - cycle)
t - 54 poisoned needles (quivered)
Press: ? - help, Shift-Dir - straight line, f/p - catoblepas
Aim: a catoblepas (severely wounded, poisoned, umbra)
You shoot a poisoned needle.
The poisoned needle hits the catoblepas!
The catoblepas looks as sick as possible!
The catoblepas is severely wounded.
You are engulfed in calcifying dust.
You are slowing down.
The catoblepas breathes a plume of calcifying dust at you.
The blast of calcifying dust hits you!
The blast of calcifying dust hits the orc warrior.
The orc warrior is engulfed in calcifying dust.
The orc warrior is moving more slowly.
The orc warrior hits you with a scimitar of electrocution!!
* * * LOW HITPOINT WARNING * * *
You are electrocuted!
You die...

# ###.#### # #......# #
#......# # # #......####
.K ### #.....Y...# ...
'.# #.(.§§§##Y# ....
#.###......##.# o....
#....<.....##.####......
#####......##.Y§@o§.....
# ##############.o>...
#####


You could see a catoblepas, an orc warrior (petrifying), an orc wizard
(sleeping), an orc (sleeping) and a kobold (sleeping).

Vanquished Creatures
  Erica (D:9)
  3 two-headed ogres
  A centaur warrior (D:8)
  An unseen horror (D:12)
  A deep elf mage (D:12)
  A manticore (D:12)
  A gargoyle (D:11)
  A komodo dragon (D:12)
  A kobold demonologist (D:12)
  2 hornets (D:10)
  2 trolls (D:10)
  Grinder (D:4)
  3 hippogriffs
  Sigmund (D:4)
  22 yaks
  A wyvern (D:13)
  5 hungry ghosts
  A water moccasin (D:12)
  2 porcupines
  An orc warrior (D:11)
  2 ice beasts (D:10)
  3 ogres
  2 sky beasts
  A necrophage (D:7)
  6 centaurs
  3 crocodiles
  4 big kobolds
  12 bullfrogs
  A gnoll sergeant (D:10)
  5 scorpions
  16 killer bees
  10 wights
  6 howler monkeys
  A crimson imp (D:10)
  2 bullfrog zombies
  4 jellies
  4 centaur zombies
  2 hounds
  2 bullfrog skeletons
  12 orc priests
  A gnoll shaman (D:6)
  Crazy Yiuf (D:5)
  3 centaur skeletons
  17 orc wizards
  3 iguanas
  8 worker ants
  A killer bee zombie (D:7)
  2 hound zombies
  A hound skeleton (D:9)
  2 worker ant zombies (D:11)
  Robin (D:1)
  20 gnolls
  6 river rats (D:5)
  14 adders
  3 shadow imps
  An ooze (D:6)
  2 worms
  2 dart slugs
  8 leopard geckos
  58 orcs
  11 bats
  2 giant cockroaches (D:2)
  20 goblins
  5 hobgoblins
  9 jackals
  11 quokkas
  5 frilled lizards
  20 kobolds
  2 quokka skeletons
  A quokka zombie (D:5)
  24 rats
  A fungus (D:4)
415 creatures vanquished.

Vanquished Creatures (others)
  2 fungi (D:4)
2 creatures vanquished.

Grand Total: 417 creatures vanquished

Notes
Turn   | Place    | Note
-------+----------+-------------------------------------------
     0 | D:1      | Doobh the Kobold Assassin began the quest for the Orb.
     0 | D:1      | Reached XP level 1. HP: 12/12 MP: 1/1
   500 | D:2      | Reached XP level 2. HP: 10/18 MP: 2/2
   906 | D:2      | Noticed Robin
   908 | D:2      | Reached XP level 3. HP: 22/22 MP: 3/3
  1557 | D:2      | Reached XP level 4. HP: 27/27 MP: 4/4
  1602 | D:2      | HP: 1/27 [gnoll/halberd (5)]
  2035 | D:1      | Killed Robin
  2073 | D:2      | Reached skill level 6 in Stealth
  2073 | D:2      | Reached XP level 5. HP: 18/32 MP: 5/5
  4202 | D:3      | Reached XP level 6. HP: 16/37 MP: 6/6
  4877 | D:4      | Noticed Grinder
  5671 | D:3      | Reached XP level 7. HP: 28/42 MP: 7/7
  5980 | D:4      | Paralysed by Grinder for 4 turns
  5989 | D:4      | Paralysed by Grinder for 6 turns
  6255 | D:4      | Reached skill level 5 in Short Blades
  6266 | D:5      | Entered Level 5 of the Dungeon
  6412 | D:4      | Reached skill level 7 in Stealth
  6451 | D:4      | Noticed Sigmund
  6552 | D:4      | Found a hide-covered altar of Uskayaw.
  6650 | D:4      | Killed Sigmund
  7302 | D:4      | Killed Grinder
  7302 | D:4      | Reached XP level 8. HP: 48/48 MP: 8/8
  7898 | D:5      | Reached skill level 5 in Dodging
  7906 | D:5      | Found a shadowy altar of Dithmenos.
  7930 | D:5      | Reached skill level 5 in Throwing
  7946 | D:5      | Reached skill level 5 in Fighting
  7946 | D:5      | Reached skill level 8 in Stealth
  7977 | D:5      | Became a worshipper of Dithmenos the Shadowed
  8386 | D:5      | Found an iron altar of Okawaru.
  8387 | D:5      | Found a deep blue altar of Sif Muna.
  8414 | D:5      | Found a basalt altar of Yredelemnul.
  8416 | D:5      | Noticed a profane servitor
  8432 | D:5      | Found a glowing golden altar of the Shining One.
  8434 | D:5      | Noticed an angel
  8942 | D:5      | Reached * piety under Dithmenos
  9121 | D:5      | Reached XP level 9. HP: 45/54 MP: 9/9
  9209 | D:5      | Found a runed door.
  9608 | D:5      | Noticed Crazy Yiuf
  9620 | D:5      | Killed Crazy Yiuf
 10382 | D:6      | Reached skill level 9 in Stealth
 10516 | D:6      | Found a staircase to the Ecumenical Temple.
 11162 | D:6      | Found a runed door.
 11162 | D:6      | Noticed Doobh's ghost (novice KoAs)
 11503 | D:7      | Reached ** piety under Dithmenos
 11669 | D:7      | Found a glowing silver altar of Zin.
 12968 | D:7      | Reached XP level 10. HP: 61/61 MP: 10/10
 13007 | D:7      | Found a sparkling altar of Nemelex Xobeh.
 13057 | D:8      | Found a staircase to the Lair.
 13057 | D:8      | Noticed a two-headed ogre
 13156 | D:8      | HP: 2/61 [two-headed ogre/giant club (15)]
 13159 | D:8      | Killed a two-headed ogre
 13159 | D:8      | Reached skill level 10 in Stealth
 13628 | D:8      | Noticed a centaur warrior
 13948 | D:7      | Reached skill level 11 in Stealth
 14530 | D:7      | Reached skill level 1 in Armour
 14798 | D:8      | Reached *** piety under Dithmenos
 14906 | D:8      | Reached XP level 11. HP: 68/68 MP: 11/11
 14956 | D:8      | Killed a centaur warrior
 15891 | D:9      | Noticed Erica
 15932 | D:9      | Killed Erica
 16430 | D:9      | Reached skill level 12 in Stealth
 16698 | D:9      | Noticed a two-headed ogre
 16758 | D:9      | Killed a two-headed ogre
 16929 | D:9      | Found a shimmering altar of Xom.
 16930 | D:9      | Found a shimmering altar of Xom.
 16930 | D:9      | Found a shimmering altar of Xom.
 16998 | D:10     | Entered Level 10 of the Dungeon
 17555 | D:10     | Reached **** piety under Dithmenos
 17626 | D:10     | Reached skill level 5 in Armour
 17671 | D:10     | Noticed a two-headed ogre
 17696 | D:10     | Reached skill level 10 in Dodging
 17722 | D:10     | Killed a two-headed ogre
 17722 | D:10     | Reached XP level 12. HP: 76/76 MP: 12/12
 18138 | D:10     | Found Keoqoz's Antique Armour Boutique.
 18146 | D:10     | Bought a glowing robe for 70 gold pieces
 18153 | D:10     | Bought a glowing robe for 70 gold pieces
 18182 | D:10     | Bought a runed helmet for 142 gold pieces
 18204 | D:10     | Bought a shiny helmet for 142 gold pieces
 18492 | D:11     | Reached skill level 10 in Fighting
 18731 | D:11     | Found a staircase to the Orcish Mines.
 19323 | D:11     | Reached ***** piety under Dithmenos
 19371 | D:11     | Reached skill level 1 in Crossbows
 19371 | D:11     | Reached skill level 1 in Invocations
 19704 | D:12     | Noticed an unseen horror
 20497 | D:12     | HP: 3/77 [poisoned by a killer bee]
 20505 | D:12     | HP: 3/77 [poisoned by a killer bee]
 21118 | D:12     | Reached skill level 13 in Stealth
 21637 | D:12     | Killed an unseen horror
 22183 | D:13     | Noticed a catoblepas
 22236 | D:13     | Slain by an orc warrior

Skill      XL: |  1  2  3  4  5  6  7  8  9 10 11 12 |
---------------+-------------------------------------+-----
Short Blades   | 3 4 5 6 8 9 |  9.6
Dodging        | 2 3 4 5 7 8 10 | 10.0
Fighting       | 3 4 5 6 8 9 10 | 10.0
Throwing       | 3 4 5 6 8 9 |  9.2
Stealth        | 6 7 8 9 11 12 13 | 13.1
Armour         | 1 5 6 |  6.0
Crossbows      | 4 |  4.3
Invocations    | 3 |  3.9

Action                   |  1- 3 |  4- 6 |  7- 9 | 10-12 || total
-------------------------+-------+-------+-------+-------++-------
Melee: Dagger            |    94 |   116 |       |       ||   210
       Short sword       |       |   230 |   730 |  1321 ||  2281
       Blowgun           |       |       |     5 |       ||     5
 Fire: Blowgun           |    16 |     9 |    53 |    86 ||   164
       Hand crossbow     |       |       |       |    21 ||    21
Evoke: Wand              |       |       |     3 |       ||     3
  Use: Scroll            |       |     6 |    13 |    11 ||    30
       Potion            |       |     2 |     5 |     7 ||    14
 Stab: Sleeping          |     3 |     8 |    23 |    40 ||    74
       Distracted        |       |     2 |     3 |     3 ||     8
       Paralysed         |       |       |     2 |       ||     2
  Eat: Chunk             |    10 |    18 |    27 |    39 ||    94
       Ration            |       |       |       |     1 ||     1
Armor: Robe              |    11 |    50 |    91 |   121 ||   273
Dodge: Dodged            |    64 |   289 |   477 |  1151 ||  1981
